 Dungeon Crawl Stone Soup version 0.18.1-8-gdd0e5ea (webtiles) character file.

525 Gargoyl the Covered (level 7, -2/54 HPs)
             Began as a Demonspawn Abyssal Knight on June 6, 2016.
             Was a Priest of Lugonu.
             Killed by nerve-wracking pain
             ... invoked by Menkaure
              (12 damage)
             ... on level 5 of the Dungeon.
             The game lasted 00:13:43 (6086 turns).

Gargoyl the Covered (Demonspawn Abyssal Knight)     Turns: 6086, Time: 00:13:43

Health: -2/54      AC: 15    Str: 14    XL:     7   Next: 2%
Magic:  8/8        EV:  4    Int: 13    God:    Lugonu [***...]
Gold:   251        SH:  7    Dex: 15    Spells: 0 memorised, 6 levels left

rFire  + + .     SeeInvis +     g - +0 war axe
rCold  . . .     Gourm    .     j - +0 chain mail
rNeg   . . .     Faith    .     v - +0 shield
rPois  .         Spirit   .     d - +0 helmet "Mih Zitu" {rCorr Dex+2}
rElec  .         Dismiss  .     (no cloak)
rCorr  +         Reflect  .     k - +2 pair of gloves
SustAt .         Harm     .     (no boots)
MR     .....                    r - amulet of magic regeneration
Stlth  ..........               x - ring of see invisible
                                m - ring of protection from fire

@: drained, not resistant to hostile enchantments, extremely unstealthy
A: talons 2, yellow scales 1, fire resistance 1, nightstalker 2
a: Depart the Abyss, Bend Space, Banish, Renounce Religion


You were on level 5 of the Dungeon.
You worshipped Lugonu.
Lugonu was most pleased with you.
You were not hungry.

You visited 1 branch of the dungeon, and saw 5 of its levels.
You visited the Abyss 1 time.

You collected 251 gold pieces.

Inventory:

Hand Weapons
 f - the cursed +1 flail "Worm" {freeze, Dex+2}
   (You found it on level 4 of the Dungeon)

   It has been specially enchanted to freeze those struck by it, causing extra
   injury to most foes and up to half again as much damage against particularly
   susceptible opponents.
   It can also slow down cold-blooded creatures.
   It affects your dexterity (+2).
   It has a curse placed upon it.
 g - a +0 war axe (weapon)
Missiles
 B - 8 poisoned javelins (quivered)
Armour
 d - the +0 helmet "Mih Zitu" (worn) {rCorr Dex+2}
   (You found it on level 2 of the Abyss)

   It affects your dexterity (+2).
   It protects you from acid and corrosion.
 j - a +0 chain mail (worn)
 k - a +2 pair of gloves (worn)
 v - a +0 shield (worn)
Jewellery
 m - a ring of protection from fire (left hand)
 r - an amulet of magic regeneration (around neck)
 x - a ring of see invisible (right hand)
Wands
 p - a wand of enslavement (11/24)
 q - a wand of disintegration (20/24)
Scrolls
 b - 6 scrolls of teleportation {unknown}
 e - 2 scrolls of amnesia {unknown}
 h - 5 scrolls of identify
 l - a scroll of recharging {unknown}
 n - a scroll of enchant weapon {unknown}
 o - a scroll of blinking {unknown}
 t - a scroll of fear {unknown}
 u - a scroll of torment {unknown}
 w - a scroll of random uselessness {unknown}
 y - a scroll of enchant armour {unknown}
 C - 2 scrolls of remove curse {unknown}
Potions
 a - a potion of cancellation
 i - a potion of brilliance
 z - a potion of flight {unknown}
 A - a potion of curing {unknown}
 E - 2 potions of lignification
Books
 s - a Grand Grimoire

   Spells                             Type                      Level
   a - Monstrous Menagerie            Summoning                    7
   b - Summon Greater Demon           Summoning                    7
   c - Malign Gateway                 Summoning/Translocation      7
   d - Summon Horrible Things         Summoning                    8
 D - a book of Enchantments

   Spells                             Type                      Level
   a - Cause Fear                     Hexes                        4
   b - Yara's Violent Unravelling     Hexes/Transmutation          5
   c - Silence                        Hexes/Air                    5
   d - Deflect Missiles               Charms/Air                   6
   e - Haste                          Charms                       6
   f - Discord                        Hexes                        8
Comestibles
 c - 11 bread rations


   Skills:
 + Level 4.1(3.8) Fighting
 + Level 3.2(2.9) Axes
 * Level 4.6(4.3) Armour
 + Level 3.1(2.7) Dodging
 + Level 0.4(0.1) Stealth
 + Level 0.8(0.5) Shields
 + Level 2.5(2.2) Invocations


You had 6 spell levels left.
You didn't know any spells.

Dungeon Overview and Level Annotations

Branches:
Dungeon (5/15)
 Temple: D:4-7

Altars:
Cheibriados
Makhleb
Okawaru

Annotations:
D:5 Menkaure


Innate Abilities, Weirdness & Mutations

You have razor-sharp toenails.
You are partially covered in yellow scales (AC +2).
Your flesh is heat resistant.
You are significantly more attuned to the shadows.


Message History

Menkaure shouts!
Menkaure calls on the powers of darkness!
Your body is wracked with pain!
Found a short glowing staff.
Press: ? - help, Shift-Dir - straight line, f - Menkaure
Aim: Menkaure (chance to defeat MR: 81%)
You fail to use your ability.
Menkaure gestures at you while chanting.
You struggle to resist.
Menkaure hits you!
You slash Menkaure! Your kick misses Menkaure.
Menkaure is moderately damaged.
Menkaure gestures at you while chanting.
Pain shoots through your body!
* * * LOW HITPOINT WARNING * * *
You hit Menkaure. You claw Menkaure.
Menkaure is heavily damaged.
Menkaure casts a spell at you. Pain shoots through your body!
You die...

# #.# #.##### #.
.####.###....<. #.
#.##.....####### # #.
#)##.....#######
#.##.##...............
#...(...(#.....#######
##M@...........#
...|.............#
####......####...#
#.#...## ##.##
#.##.... .# #. #####


You could see Menkaure.

Vanquished Creatures
  A centaur zombie (D:5)
  2 hounds (D:4)
  An orc priest (D:5)
  3 orc wizards
  2 worker ants (D:5)
  4 gnolls
  11 adders
  A shadow imp (D:2)
  An adder skeleton (D:5)
  3 worms
  2 dart slugs
  2 giant geckos (D:1)
  9 orcs
  3 giant cockroaches
  13 goblins
  6 hobgoblins
  8 jackals
  17 kobolds
  A quokka (D:5)
  3 ball pythons
  4 bats
  9 giant newts
  10 rats
116 creatures vanquished.

Notes
Turn   | Place    | Note
--------------------------------------------------------------
     0 | Abyss:1  | Gargoyl the Demonspawn Abyssal Knight began the quest for the Orb.
     0 | Abyss:1  | Reached XP level 1. HP: 18/18 MP: 2/2
     0 | Abyss:1  | Found a corrupted altar of Lugonu.
    27 | Abyss:1  | Noticed a ynoxinul
    28 | Abyss:1  | Noticed a smoke demon
    55 | Abyss:2  | Noticed a starcursed mass
    61 | Abyss:2  | Got a heavily runed helmet
    62 | D:1      | Escaped the Abyss
    68 | D:1      | Identified the +0 helmet "Mih Zitu" {rCorr Dex+2} (You found it on level 2 of the Abyss)
   161 | D:1      | Reached skill level 1 in Dodging
   314 | D:1      | Gained mutation: You have sharp toenails. [demonic ancestry]
   314 | D:1      | Reached XP level 2. HP: 20/24 MP: 3/3
   383 | D:1      | Reached * piety under Lugonu
   804 | D:1      | Gained mutation: Your flesh is heat resistant. [demonic ancestry]
   804 | D:1      | Reached XP level 3. HP: 29/29 MP: 4/4
  1255 | D:2      | Reached ** piety under Lugonu
  1267 | D:2      | Gained mutation: You have razor-sharp toenails. [demonic ancestry]
  1267 | D:2      | Reached XP level 4. HP: 19/36 MP: 5/5
  1969 | D:3      | Found a snail-covered altar of Cheibriados.
  2583 | D:2      | Gained mutation: You are slightly more attuned to the shadows. [demonic ancestry]
  2583 | D:2      | Reached XP level 5. HP: 3/42 MP: 6/6
  3182 | D:3      | Found a burning altar of Makhleb.
  3340 | D:3      | Found an iron altar of Okawaru.
  3656 | D:4      | Got a bloodstained flail
  3657 | D:4      | Identified the cursed +1 flail "Worm" {freeze, Dex+2} (You found it on level 4 of the Dungeon)
  3700 | D:4      | Reached *** piety under Lugonu
  4071 | D:4      | Gained mutation: You are significantly more attuned to the shadows. [demonic ancestry]
  4071 | D:4      | Reached XP level 6. HP: 44/48 MP: 7/7
  5235 | D:5      | Entered Level 5 of the Dungeon
  5877 | D:5      | Gained mutation: You are partially covered in yellow scales (AC +2). [demonic ancestry]
  5877 | D:5      | Reached XP level 7. HP: 21/54 MP: 8/8
  6080 | D:5      | Noticed Menkaure
  6086 | D:5      | Killed from afar by Menkaure

Skill      XL: |  1  2  3  4  5  6 |
---------------+-------------------+-----
Dodging        | 1 2 3 |  3.1
Armour         | 2 3 4 |  4.6
Axes           | 2 3 |  3.2
Fighting       | 4 |  4.1
Stealth        | |  0.4
Shields        | |  0.8
Invocations    | |  2.5

Action                   |  1- 3 |  4- 6 |  7- 9 || total
-------------------------+-------+-------+-------++-------
Melee: Hand axe          |   149 |   272 |       ||   421
       Kick              |    31 |    78 |     1 ||   110
       War axe           |       |    61 |     2 ||    63
Invok: Depart the Abyss  |     1 |       |       ||     1
  Use: Scroll            |       |     2 |       ||     2
       Potion            |       |     4 |       ||     4
 Stab: Sleeping          |       |     2 |       ||     2
  Eat: Chunk             |     1 |    12 |       ||    13
       Fruit             |       |     3 |       ||     3
       Beef jerky        |       |     1 |       ||     1
Armor: Leather armour    |    27 |       |       ||    27
       Ring mail         |    64 |    35 |       ||    99
       Scale mail        |       |   133 |       ||   133
       Skin              |       |    35 |       ||    35
       Chain mail        |       |    34 |       ||    34
Dodge: Dodged            |   105 |   156 |       ||   261
Block: Shield            |       |    88 |       ||    88
